Unix NetHack Version 3.7.0-94 Work-in-progress - last build Dec 18 2023 00:11:04 (7e3deff068b9ef4f2ebb9a71ea0f5c4a3b578a14,branch:master). Game began 2023-12-17 21:33:22, ended 2023-12-18 04:03:14. Arasaka, chaotic female orcish Rogue --------- ----- #+.......| #-...| #|.......| ###|...| #|.......| # |...| #.......<| ####....| ##|.......| ### ----- #---.----- #### ### ######## # #### #######--.--d## do # |..B.dd |..d| # ..>.+ ----- Arasaka the Footpad St:13 Dx:18 Co:16 In:10 Wi:9 Ch:9 Chaotic Dlvl:4 $:74 HP:0(14) Pw:4(4) AC:5 Xp:2/31 T:1060 Latest messages: What do you want to wield? [- abj or ?*] j - a long sword (weapon in right hand). $ - 16 gold pieces (74 in total). You descend the stairs. You climb up the stairs. What do you want to ready? [- $ab or ?*] Your alternate weapon is 10 orcish daggers. Ready 9 of them? [ynq] (q) t - 9 uncursed +0 orcish daggers (at the ready). In what direction? You throw 2 orcish daggers. The 1st orcish dagger hits the werejackal. The 2nd orcish dagger hits the werejackal. In what direction? You throw 2 orcish daggers. The 1st orcish dagger hits the werejackal. The 2nd orcish dagger hits the werejackal. The werejackal changes into a jackal. The werejackal summons help! A jackal suddenly appears next to you! A jackal suddenly appears next to you! A jackal suddenly appears next to you! A jackal suddenly appears next to you! The werejackal bites! What do you want to write with? [- abjnt or ?*] You write in the dust with your fingertip. The jackal bites! The jackal bites! The jackal bites! The jackal misses! The werejackal misses! Something is written here in the dust. You read: ":lbereth". You see no objects here. What do you want to write with? [- abjnt or ?*] Do you want to add to the current engraving? [ynq] (y) You wipe out the message that was written in the dust here. You write in the dust with your fingertip. The jackal turns to flee. The jackal turns to flee. The jackal turns to flee. The jackal turns to flee. The werejackal turns to flee. t - 2 uncursed +0 orcish daggers (at the ready) (7 in total). t - 2 uncursed +0 orcish daggers (at the ready) (9 in total). You miss the giant bat. The jackal bites! The jackal misses! The giant bat bites! The giant bat bites! You die... Inventory: Coins ('$') $ - 74 gold pieces Amulets ('"') s - a cursed amulet of change Weapons (')') b - an uncursed +0 orcish dagger (alternate weapon; not wielded) t - 9 uncursed +0 orcish daggers (at the ready) j - a blessed +1 long sword (weapon in right hand) a - a blessed corroded +0 orcish short sword Armor ('[') q - an uncursed +0 pair of low boots (being worn) m - an uncursed +0 cloak of invisibility (being worn) c - an uncursed +1 leather armor (being worn) Comestibles ('%') g - an uncursed food ration h - an uncursed tripe ration Scrolls ('?') i - an uncursed scroll of confuse monster o - a cursed scroll of enchant armor k - an uncursed scroll of remove curse Potions ('!') l - an uncursed potion of polymorph d - 2 uncursed potions of sickness p - an uncursed potion of speed Tools ('(') f - an empty uncursed sack e - an uncursed lock pick Gems/Stones ('*') n - an uncursed garnet stone Arasaka the Rogue's attributes: Background: You were a Footpad, a level 2 female orcish Rogue. You were chaotic, nominally on a mission for Kos who was opposed by Issek (lawful) and Mog (neutral). You were right-handed. You were in the Dungeons of Doom, on level 4. You entered the dungeon 1060 turns ago. It was nighttime. You had 31 experience points, 9 more were needed to attain level 3. Basics: You had 0 out of 14 hit points. You had all 4 energy points (spell power). Your armor class was 5. Your wallet contained 74 zorkmids. Autopickup was on for '$"?' plus thrown, with exceptions. Final Characteristics: Your strength was 13 (limit:18/50). Your dexterity was 18 (limit:18). Your constitution was 16 (limit:18). Your intelligence was 10 (limit:16). Your wisdom was 9 (limit:16). Your charisma was 9 (limit:16). Final Status: You weren't hungry. You were unencumbered. You were wielding a long sword. You were unskilled in long sword. Final Attributes: You were devoutly aligned. You were poison resistant. You had infravision. You were invisible. You were stealthy. You were warded. You are dead. Miscellaneous: You disabled loading of bones levels. Total elapsed playing time was 6 minutes and 57 seconds. Major events: Turn 1: Arasaka the chaotic female orcish Rogue entered the dungeon 1043: entered the Gnomish Mines 1060: killed by a giant bat Vanquished creatures: an iguana an acid blob 4 jackals a fox 2 kobolds a sewer rat a lichen 5 newts 16 creatures vanquished. No species were genocided or became extinct. Voluntary challenges: You were an atheist. You read items or engraved 2 times. You engraved Elbereth 1 time. You never genocided any monsters. You never polymorphed an object. You never changed form. You used no wishes. Achievements: You entered a shop. You entered the Gnomish Mines. The Dungeons of Doom: levels 1 to 4 Level 1: A fountain, a sink. Level 2: Level 3: A general store. Level 4: <- You were here. Stairs down to The Gnomish Mines. Final resting place for you, killed by a giant bat. The Gnomish Mines: Level 5: Game over: ---------- / \ / REST \ / IN \ / PEACE \ / \ | Arasaka | | 74 Au | | killed by a | | giant bat | | | | | | 2023 | *| * * * | * _________)/\\_//(\/(/\)/\//\/|_)_______ Goodbye Arasaka the Rogue... You died in The Dungeons of Doom on dungeon level 4 with 391 points, and 74 pieces of gold, after 1060 moves. You were level 2 with a maximum of 14 hit points when you died.